 Dungeon Crawl Stone Soup version 0.29.0-11-gd7f09526c8 (webtiles) character file.

Game seed: 15216231686242998394

2633 iguanaiguana the Cleaver (level 9, -5/79 HPs)
             Began as a Minotaur Fighter on Sept 7, 2022.
             Was an Initiate of Okawaru.
             Slain by a two-headed ogre
             ... wielding a +0 giant club
              (11 damage)
             ... on level 7 of the Dungeon.
             The game lasted 00:06:18 (7280 turns).

iguanaiguana the Cleaver (Minotaur Fighter)         Turns: 7280, Time: 00:06:19

Health: -5/79      AC: 13    Str: 25    XL:     9   Next: 35%
Magic:  2/2        EV:  7    Int:  5    God:    Okawaru [......]
Gold:   297        SH:  9    Dex: 10    Spells: 8/8 levels left

rFire   . . .      SeeInvis .   F - +0 broad axe (antimagic)
rCold   . . .      Faith    .   D - +0 kite shield
rNeg    . . .      Spirit   .   y - +0 chain mail
rPois   .          Reflect  .   (helmet restricted)
rElec   .          Harm     .   (no cloak)
rCorr   .          Rampage  .   o - +0 pair of gloves
Will    .....                   e - +0 pair of boots {Stlth+}
Stlth   ..........              (no amulet)
HPRegen 0.23/turn               (no ring)
MPRegen 0.08/turn               (no ring)

@: hasted, very quick
A: horns 2, retaliatory headbutt
a: Renounce Religion


You were on level 7 of the Dungeon.
You worshipped Okawaru.
Okawaru was noncommittal.
You visited 2 branches of the dungeon, and saw 8 of its levels.

You collected 297 gold pieces.

Inventory:

Hand Weapons
 a - a +0 war axe
 F - a +0 antimagic broad axe (weapon)
Missiles
 b - 2 boomerangs
 k - 6 poisoned darts (quivered)
 w - 6 javelins
Armour
 c - a +0 buckler
 e - a +0 pair of boots of stealth (worn)
 o - a +0 pair of gloves (worn)
 y - a +0 chain mail (worn)
 D - a +0 kite shield (worn)
Jewellery
 l - a ring of ice
Wands
 p - a wand of polymorph (6)
 G - a wand of roots (9)
Scrolls
 g - a scroll of blinking {unknown}
 j - a scroll of summoning
 n - 6 scrolls of identify {@r1}
 q - 2 scrolls of vulnerability
 s - 2 scrolls of enchant weapon {unknown}
 u - 2 scrolls of immolation {unknown}
 B - 2 scrolls of poison {unknown}
 C - a scroll of magic mapping {unknown}
 E - a scroll of noise {unknown}
 I - a scroll of teleportation {unknown}
Potions
 d - a potion of might {@q3}
 f - 3 potions of degeneration {unknown}
 h - 8 potions of curing {unknown}
 i - a potion of haste {@q4}
 m - a potion of cancellation {unknown}
 r - 2 potions of mutation {unknown}
 t - 2 potions of heal wounds {unknown}
 v - a potion of lignification {unknown}
 x - a potion of flight {unknown}
 z - 2 potions of resistance {unknown}
 A - a potion of magic {unknown}
 H - a potion of ambrosia {unknown}
 J - a potion of invisibility {unknown}


   Skills:
 + Level 7.2 Fighting
 * Level 9.1 Axes
 * Level 3.5 Throwing
 + Level 7.2 Armour
 + Level 7.1 Shields
 * Level 3.2 Evocations


You had 8 spell levels left.
You didn't know any spells.
Your spell library was empty.

Dungeon Overview and Level Annotations

Branches:
Dungeon (7/15) Zot: 26954  Temple (1/1) D:7 Zot: 5912

Altars:
Ashenzari
Cheibriados
Dithmenos
Elyvilon
Fedhas
Hepliaklqana
Kikubaaqudgha
Makhleb
Nemelex Xobeh
Okawaru
Qazlal
Ru
Sif Muna
Trog
Vehumet
Wu Jian
Xom
Yredelemnul
Zin
The Shining One

Shops:
D:6 (

Annotations:
Temple 2 transporters


Innate Abilities, Weirdness & Mutations

You have a pair of horns on your head.
You reflexively headbutt those who attack you in melee.


Message History

A two-headed ogre comes into view. It is wielding two +0 giant clubs.
The two-headed ogre shouts in stereo!
You hit the orc priest but do no damage.
You headbutt the orc priest, but do no damage.
You hit the orc.
You hear a shout! x2
An orc priest comes into view. It is wielding a +0 short sword.
You slash the orc!
You kill the orc!
You hit the orc priest.
The orc priest invokes the aid of Beogh against you.
Pain shoots through your body!
You hit the orc priest.
The orc priest is severely wounded.
The orc priest hits you with a +0 flail.
You hit the orc priest.
You headbutt the orc priest, but do no damage.
The orc priest is almost dead.
An orc comes into view. It is wielding a +0 short sword.
You slash the orc priest!
You kill the orc priest!
You slash the two-headed ogre!
The two-headed ogre is heavily wounded.
You slash the two-headed ogre!
The two-headed ogre is severely wounded.
You hit the orc priest.
The orc priest mumbles some strange prayers to Beogh against you.
Beogh smites you!
The two-headed ogre hits you with a +0 giant club!!
* * * LOW HITPOINT WARNING * * *
The two-headed ogre hits you with a +0 giant club!!
* * * LOW HITPOINT WARNING * * *
You are too injured to fight recklessly!
You are too injured to fight recklessly!
You are too injured to fight recklessly!
Okay, then.
Okay, then.
You feel yourself speed up.
The two-headed ogre hits you with a +0 giant club!
You die...

##...####.#
#...........
#.#.#.#....#
#####.#.#.#.##..
#...............#
#.##..#.##.#.##.#.
##.#....#......
#....#..)#
.....##.#.>@#
.###.......oO...#
#...#.#.#....#
#.#.#.#.#.##....
#.#........ .#. #
...#.##.#. # ##.#.
.#.# .! .. .


You could see a two-headed ogre and an orc priest.

Vanquished Creatures
  A shadow (D:5)
  Eustachio (D:6)
  Duvessa (D:4)
  3 water moccasins
  2 ice beasts (D:6)
  3 sky beasts (D:5)
  2 centaurs (D:6)
  3 phantoms
  3 bullfrogs
  A necrophage (D:5)
  A gnoll sergeant (D:6)
  A scorpion (D:5)
  Dowan (D:4)
  5 hounds
  A jelly (D:5)
  An orc priest (D:7)
  5 iguanas
  2 orc wizards
  A mummy (D:4)
  8 gnolls
  8 adders
  A white imp (D:6)
  3 ufetubi
  3 dart slugs
  A worm (D:4)
  12 orcs
  2 endoplasms
  2 giant cockroaches (D:1)
  6 hobgoblins
  7 quokkas
  5 ball pythons
  5 bats
  2 frilled lizards (D:2)
  2 goblins (D:1)
  A hobgoblin zombie (D:4)
  8 kobolds
  A kobold zombie (D:4)
  2 orc zombies (D:4)
  5 rats
122 creatures vanquished.

Notes
Turn   | Place    | Note
-------+----------+-------------------------------------------
     0 | D:1      | iguanaiguana the Minotaur Fighter began the quest for the
                  | Orb.
     0 | D:1      | Reached XP level 1. HP: 19/19 MP: 0/0
   231 | D:1      | Reached XP level 2. HP: 27/27 MP: 1/1
   315 | D:1      | Reached skill level 3 in Axes
   518 | D:1      | Found a faded altar of an unknown god.
   699 | D:1      | Reached XP level 3. HP: 33/33 MP: 2/2
  1278 | D:2      | Reached XP level 4. HP: 27/40 MP: 3/3
  1284 | D:2      | Reached skill level 4 in Axes
  1852 | D:3      | Found an ornate altar of the Wu Jian Council.
  2611 | D:4      | You fall into a shaft and drop 1 floor!
  2611 | D:5      | Entered Level 5 of the Dungeon
  2623 | D:5      | Noticed a shadow
  2631 | D:5      | Killed a shadow
  2632 | D:5      | Reached skill level 5 in Axes
  2632 | D:5      | Reached XP level 5. HP: 6/47 MP: 4/4
  2632 | D:5      | Reached XP level 6. HP: 7/55 MP: 5/5
  3006 | D:4      | Reached skill level 5 in Armour
  3010 | D:4      | Reached skill level 5 in Fighting
  3281 | D:4      | Reached skill level 5 in Shields
  3479 | D:4      | Noticed Duvessa
  3479 | D:4      | Noticed Dowan
  3487 | D:4      | Killed Duvessa
  3502 | D:4      | Killed Dowan
  3713 | D:4      | Reached skill level 6 in Axes
  3716 | D:4      | Reached XP level 7. HP: 61/61 MP: 6/6
  4801 | D:5      | Reached skill level 7 in Axes
  4987 | D:5      | Reached XP level 8. HP: 69/70 MP: 7/7
  5534 | D:5      | Reached skill level 8 in Axes
  5782 | D:6      | Reached skill level 1 in Throwing
  5884 | D:6      | Reached skill level 1 in Evocations
  6650 | D:6      | Noticed Eustachio
  6676 | D:6      | Identified 2 scrolls of acquirement
  6685 | D:6      | Killed Eustachio
  6686 | D:6      | Reached XP level 9. HP: 29/78 MP: 8/8
  6686 | D:6      | Acquired a +0 antimagic broad axe
  6689 | D:6      | Acquired a +0 pair of boots of stealth
  6976 | D:6      | Found Vicimnig's Antique Weapon Shop.
  7145 | D:6      | Reached skill level 9 in Axes
  7171 | D:7      | Found a staircase to the Ecumenical Temple.
  7183 | Temple   | Entered the Ecumenical Temple
  7183 | Temple   | Found a transporter.
  7183 | Temple   | Found a transporter.
  7197 | Temple   | Found a transporter.
  7197 | Temple   | Found a transporter.
  7217 | Temple   | Became a worshipper of Warmaster Okawaru
  7272 | D:7      | Noticed a two-headed ogre
  7280 | D:7      | Slain by a two-headed ogre

Illustrated notes

Levels and vault maps discovered:
D:1:      evilmike_arrival_crescent, layout_basic,
          chequers_ecumenical_altar_simple, columned_hall_lemuel
D:2:      layout_basic
D:3:      layout_loops_ring, nzn_wu_jian_contemplation,
          hangedman_abyss_or_decor_stabs
D:4:      layout_basic, minmay_mini_ossuary, uniq_duvessa
D:5:      layout_basic, minivault_27
D:6:      kb_forest_paths, layout_basic, serial_shops, shop_statue,
          nicolae_ossuary_entry_ruins, uniq_eustachio
D:7:      layout_loops_corners, minmay_temple_entry_ruins,
          uniq_crazy_yiuf_cottage
Temple:   hellmonk_temple_divided_pantheon

Skill      XL: |  1  2  3  4  5  6  7  8  9 |
---------------+----------------------------+-----
Axes           | 3 5 6 7 8 9 |  9.1
Fighting       | 4 5 6 7 |  7.2
Armour         | 4 5 6 7 |  7.2
Shields        | 4 5 6 7 |  7.1
Throwing       | 2 3 |  3.5
Evocations     | 2 3 |  3.2

Action                   |  1- 3 |  4- 6 |  7- 9 || total
-------------------------+-------+-------+-------++-------
Melee: War axe           |    75 |    82 |   194 ||   351
       Headbutt          |     7 |     8 |    30 ||    45
       Broad axe         |       |       |    38 ||    38
Throw: Dart              |       |     1 |       ||     1
  Use: Scroll            |       |       |     6 ||     6
       Potion            |       |       |     2 ||     2
Armor: Scale mail        |    35 |    29 |    16 ||    80
       Chain mail        |       |       |   160 ||   160
Dodge: Dodged            |    37 |    35 |    73 ||   145
Block: Buckler           |    19 |    12 |    40 ||    71
       Kite shield       |       |       |    55 ||    55
